 Dungeon Crawl Stone Soup version 0.28.0-53-g5a82cb258f (webtiles) character file.

Game seed: 3231357713886735490

220 DocClef the Ruffian (level 5, -4/48 HPs)
             Began as a Troll Hunter on July 9, 2022.
             Slain by Edmund
             ... wielding a +2 vorpal dire flail
              (5 damage)
             ... on level 3 of the Dungeon.
             The game lasted 00:02:48 (2048 turns).

DocClef the Ruffian (Troll Hunter)                  Turns: 2048, Time: 00:02:49

Health: -4/48      AC:  5    Str: 22    XL:     5   Next: 64%
Magic:  4/4        EV:  9    Int:  7    God:
Gold:   190        SH:  0    Dex: 10    Spells: 4/4 levels left

rFire   . . .      SeeInvis .     - Unarmed
rCold   . . .      Faith    .   (no shield)
rNeg    . . .      Spirit   .   b - +0 robe
rPois   .          Reflect  .   m - +1 hat
rElec   .          Harm     .   (no cloak)
rCorr   .          Rampage  .   (gloves unavailable)
Will    .....                   (boots unavailable)
Stlth   +.........              (no amulet)
HPRegen 0.96/turn               (no ring)
MPRegen 0.09/turn               (no ring)

@: no status effects
A: large, unfitting armour, claws 3, regeneration 1, shaggy fur 1, tough skin 1
a: no special abilities


You were on level 3 of the Dungeon.
You visited 1 branch of the dungeon, and saw 4 of its levels.
You also visited: Sewer.

You collected 190 gold pieces.

Inventory:

Missiles
 c - 5 large rocks (quivered)
 d - 2 throwing nets
 i - 5 javelins
Armour
 b - a +0 robe (worn)
 m - a +1 hat (worn)
Scrolls
 e - a scroll of amnesia {unknown}
 j - a scroll of teleportation
 k - a scroll of holy word {unknown}
 l - a scroll of identify
 n - a scroll of enchant weapon {unknown}
 p - a scroll of fog {unknown}
Potions
 a - a potion of berserk rage
 f - 2 potions of lignification
 g - a potion of haste {unknown}
 h - a potion of heal wounds {unknown}
 o - a potion of flight {unknown}


   Skills:
 - Level 1.5 Fighting
 - Level 3.6 Throwing
 - Level 1.5 Dodging
 - Level 0.3 Stealth
 + Level 5.5 Unarmed Combat


You had 4 spell levels left.
You didn't know any spells.
Your spell library contained the following spells:

 Spells                   Type           Power      Damage    Failure   Level
 Foxfire                  Conj/Fire      0%         2x1d4     43%         1
 Magic Dart               Conj           0%         1d3       43%         1
 Call Imp                 Summ           0%         N/A       56%         2
 Conjure Flame            Conj/Fire      0%         6-21      80%         3
 Inner Flame              Hex/Fire       0%         N/A       80%         3
 Mephitic Cloud           Conj/Pois/Air  0%         N/A       80%         3
 Flame Wave               Conj/Fire      0%         2d4       99%         4


Dungeon Overview and Level Annotations

Branches:
Dungeon (4/15)              Sewer (visited)
 Temple: D:4-7

Altars:

Annotations:
D:3 Edmund
D:4 Robin


Innate Abilities, Weirdness & Mutations

You are too large for most types of armour.
You have claws for hands.
Your natural rate of healing is unusually fast.
You are covered in fur. (AC +1)
You have tough skin. (AC +1)


Message History

The goblin shouts! x5
There is a stone staircase leading up here.
There are monsters nearby!
There are monsters nearby!
You closely miss the goblin. You scratch the goblin.
You kill the goblin!
Robin throws the goblin at you! The goblin hits you but does no damage.
A goblin comes into view. It is wielding a +0 club.
You barely miss the goblin.
The goblin shouts!
The goblin hits you but does no damage.
Edmund the Younger comes into view.
He is wielding a +2 vorpal dire flail.
The goblin barely misses you.
You claw the goblin!
You kill the goblin!
Robin roars a battlecry!
The goblins go into a battle-frenzy!
The goblin barely misses you. The goblin barely misses you.
Edmund drinks a potion.
Edmund seems to grow stronger.
The goblin barely misses you.
You climb upwards.
There is a stone staircase leading down here.
You scratch Edmund.
Edmund is lightly wounded.
Edmund hits you with a +2 vorpal dire flail.
The goblin hits you but does no damage.
You scratch Edmund. You claw Edmund!
Edmund is heavily wounded.
Edmund hits you with a +2 vorpal dire flail!!
The goblin completely misses you.
You claw Edmund!
Edmund is severely wounded.
Edmund barely misses you. The goblin barely misses you.
Unknown command.
You closely miss Edmund.
Edmund is severely wounded.
Edmund hits you with a +2 vorpal dire flail!!
* * * LOW HITPOINT WARNING * * *
You die...

#####.#####.............## #.
...>.....................# #.
####<.####.##...#######..#######.
.................# #..........
####..####.##....# #...######.
>..†..# #.###.#.# ##...### #.
####..# #.# #.#.# #......# #. #
#..####.###.#@# ##...#.# #.
#...........#@# #...#.# ##
###.#######<#g# #≈≈≈#.# # #.#
#.#g######≈≈≈#.# # #.#
#........#≈≈≈#.# #.#
###..>...#≈≈≈#.# #.#
######.#≈.≈#.#
#.##############.#≈≈≈#.#
#..........†.....#≈≈≈#.#
##########.##.##.#≈)≈#.#


You could see Edmund (strong) and 2 goblins.

Vanquished Creatures
  A water moccasin (Sewer)
  An iguana (D:3)
  An adder (D:3)
  2 worms (D:2)
  A dart slug (D:1)
  An orc (D:3)
  7 ball pythons
  5 endoplasms
  3 giant cockroaches
  6 goblins
  5 hobgoblins
  13 kobolds
  7 quokkas
  9 bats
  6 frilled lizards
  5 rats
73 creatures vanquished.

Notes
Turn   | Place    | Note
-------+----------+-------------------------------------------
     0 | D:1      | DocClef the Troll Hunter began the quest for the Orb.
     0 | D:1      | Reached XP level 1. HP: 19/19 MP: 0/0
   116 | D:1      | Reached skill level 1 in Unarmed Combat
   218 | D:1      | Reached XP level 2. HP: 24/27 MP: 1/1
   238 | D:1      | Reached skill level 2 in Unarmed Combat
   677 | D:1      | Reached XP level 3. HP: 33/33 MP: 2/2
   835 | D:2      | Reached skill level 3 in Unarmed Combat
  1107 | D:2      | Found a faded altar of an unknown god.
  1304 | D:3      | Found a glowing drain.
  1325 | Sewer    | Entered a sewer
  1361 | Sewer    | Noticed a water moccasin
  1371 | Sewer    | Killed a water moccasin
  1372 | Sewer    | Reached skill level 5 in Unarmed Combat
  1372 | Sewer    | Reached XP level 4. HP: 18/41 MP: 3/3
  1372 | Sewer    | Reached XP level 5. HP: 22/48 MP: 4/4
  1377 | Sewer    | HP: 2/48 [poisoned by a water moccasin]
  2038 | D:4      | Noticed Robin
  2041 | D:4      | Noticed Edmund
  2048 | D:3      | HP: 1/48 [Edmund/+2 vorpal dire flail (18)]
  2048 | D:3      | Slain by Edmund

Illustrated notes

Levels and vault maps discovered:
D:1:      sevenhm_arrival_forest_fort_large_2, layout_loops_ring
D:2:      layout_rooms, chequers_ecumenical_altar_grove,
          kennysheep_generic_room_3
D:3:      layout_loops_ring, portal_sewer_entry_f
D:4:      layout_loops_ring, gammafunk_temple_overflow_wave, uniq_pikel,
          uniq_edmund, uniq_robin

Skill      XL: |  1  2  3 |
---------------+----------+-----
Unarmed Combat | 1 2 5 |  5.5
Fighting       | |  1.5
Throwing       | |  3.6
Dodging        | |  1.5
Stealth        | |  0.3

Action                   |  1- 3 |  4- 6 || total
-------------------------+-------+-------++-------
Melee: Unarmed           |   156 |    37 ||   193
       Punch             |     1 |     1 ||     2
  Use: Scroll            |     3 |       ||     3
       Potion            |     1 |       ||     1
Armor: Robe              |    85 |     8 ||    93
Dodge: Dodged            |    81 |    15 ||    96
